[Event "IIFL Wealth 4th Mumbai Open"]
[Site "Mumbai"]
[Date "2019.01.06"]
[Round "8"]
[White "Vahdatian, Davood"]
[Black "Pawar, Harshit"]
[Result "1-0"]
[ECO "A13"]
[WhiteElo "2036"]
[BlackElo "1719"]
[Annotator "NA"]
[PlyCount "67"]
[EventDate "2018.12.30"]
[EventType "swiss"]
[EventCountry "IND"]
[SourceTitle "playchess.com"]
[Source "ChessBase"]
[SourceQuality "1"]
[TimeControl "40/5400+30:1800+30"]

1. c4 e6 2. g3 d5 3. Bg2 Nf6 4. Nf3 c6 5. O-O Bd6 6. cxd5 exd5 7. b3 O-O 8. Bb2 Bf5 9. d3 Nbd7 10. Nbd2 Qc7 11. Rc1 Bg6 12. Nh4 Be5 13. d4 Bd6 14. Nxg6 hxg6 15. e4 dxe4 16. Nxe4 Nxe4 17. Bxe4 Nf6 18. Bf3 Qa5 19. a3 g5 20. d5 Nxd5 21. Qd4 f6 22. b4 Qb5 23. Qg4 Rae8 24. Be4 Kf7 25. Qh5+ Ke7 26. Bg6 Rd8 27. Qg4 Rd7 28. Bf5 Rc7 29. Qe4+ Kd8 30. Qe6 Be7 31. Rfd1 Re8 32. a4 Qxa4 33. Rxd5+ cxd5 34. Qc8+ 1-0

[Event "IIFL Wealth 4th Mumbai Open"]
[Site "Mumbai"]
[Date "2019.01.06"]
[Round "8"]
[White "Samrat, Ghorai"]
[Black "Sa, Kannan"]
[Result "1-0"]
[ECO "B00"]
[WhiteElo "1984"]
[BlackElo "2069"]
[Annotator "NA"]
[PlyCount "83"]
[EventDate "2018.12.30"]
[EventType "swiss"]
[EventCountry "IND"]
[SourceTitle "playchess.com"]
[Source "ChessBase"]
[SourceQuality "1"]
[TimeControl "40/5400+30:1800+30"]

1. e4 d6 2. c4 Nf6 3. Nc3 g6 4. g3 h5 5. h3 e5 6. Bg2 c5 7. d3 Nc6 8. Bg5 Be7 9. Qd2 Be6 10. Be3 Nd4 11. f4 Qd7 12. Nd5 Bxd5 13. cxd5 Qa4 14. Bxd4 cxd4 15. Nf3 Nd7 16. O-O Rc8 17. h4 Nf6 18. fxe5 Rc2 19. b3 Rxd2 20. bxa4 Rxg2+ 21. Kxg2 Ng4 22. Rfc1 Kd7 23. Rab1 b6 24. exd6 Bxd6 25. Nxd4 g5 26. hxg5 h4 27. gxh4 Rxh4 28. Rh1 Nh2 29. Nf3 Rg4+ 30. Kf2 Nxf3 31. Kxf3 Rg3+ 32. Kf2 Rxg5 33. d4 Rg4 34. e5 Be7 35. Rbd1 f6 36. Rh7 fxe5 37. dxe5 Ke8 38. d6 Bh4+ 39. Kf3 Rxa4 40. d7+ Kd8 41. Rh8+ Kc7 42. Rxh4 1-0

[Event "IIFL Wealth 4th Mumbai Open"]
[Site "Mumbai"]
[Date "2019.01.06"]
[Round "8"]
[White "Dave Sneh"]
[Black "Adireddy Tarun"]
[Result "0-1"]
[ECO "E21"]
[WhiteElo "1873"]
[BlackElo "1661"]
[Annotator "NA"]
[PlyCount "156"]
[EventDate "2018.12.30"]
[EventType "swiss"]
[EventCountry "IND"]
[SourceTitle "playchess.com"]
[Source "ChessBase"]
[SourceQuality "1"]
[TimeControl "40/5400+30:1800+30"]

1. d4 Nf6 2. c4 e6 3. Nf3 Bb4+ 4. Nc3 b6 5. Bg5 Bb7 6. e3 h6 7. Bxf6 Qxf6 8. Rc1 O-O 9. Be2 {[%emt 0:01:04] E12: Queen's Indian: Unusual White 4th moves, 4 a3, 4 Nc3 Bb7 5 a3 and 4 Nc3 Bb7} d6 10. O-O Qe7 $146 ({Predecessor:} 10... Bxc3 11. Rxc3 Nd7 12. Nd2 c5 13. Bf3 cxd4 14. exd4 Bxf3 15. Nxf3 Rfc8 16. Qd3 Rc7 {1-0 (59) Zhou,J (2572)-Yu,Y (2657) Shenzhen 2013}) 11. Na4 c5 12. a3 Ba5 13. b3 e5 14. d5 e4 15. Nd2 Bxd2 16. Qxd2 Nd7 17. Nc3 Bc8 18. Rce1 f5 19. f3 Nf6 20. Bd1 exf3 21. gxf3 Bd7 22. Kh1 Kh8 23. Rg1 Rae8 24. Qf2 Nh7 25. Bc2 Ng5 26. Qg3 Qf6 27. h4 Nxf3 28. Qxf3 Qxc3 29. Qg3 Qf6 30. Qf2 Re5 31. Qf4 Be8 32. Rg3 Bh5 33. Reg1 Bg4 34. Kg2 Qxh4 35. Bd1 Qe7 36. Bxg4 fxg4 37. Qxg4 Rxe3 38. Kh3 Rxg3+ 39. Rxg3 Qf6 40. Kh2 Qf2+ 41. Rg2 Qf4+ 42. Qxf4 Rxf4 43. Kg3 Rd4 44. Re2 Rd3+ 45. Kf4 Rxb3 46. Kf5 Rf3+ 47. Kg6 Rf6+ 48. Kh5 Kg8 49. Re7 Rf5+ 50. Kg4 Rf7 51. Re8+ Kh7 52. Rd8 Rf6 53. Rd7 Kg6 54. Rxa7 h5+ 55. Kg3 Rf7 56. Ra8 Kf6 $19 57. Rb8 g5 58. Rxb6 Ke5 59. Rb8 Ra7 60. Re8+ Kd4 61. Re6 Rxa3+ 62. Kf2 Ra6 63. Rg6 Kxc4 64. Rxg5 h4 65. Ke3 Ra3+ 66. Ke4 Rd3 67. Rg1 Rd4+ 68. Ke3 Kxd5 69. Rg6 Re4+ 70. Kd3 c4+ 71. Kc3 Re3+ 72. Kd2 Rd3+ 73. Kc2 h3 74. Rg4 Rf3 75. Rh4 Kc5 76. Rh6 d5 77. Rh8 Rf2+ 78. Kb1 h2 0-1

[Event "IIFL Wealth 4th Mumbai Open"]
[Site "Mumbai"]
[Date "2019.01.06"]
[Round "8"]
[White "Kothari, Swapnil"]
[Black "Bajaj Prakhar"]
[Result "1-0"]
[ECO "D31"]
[WhiteElo "1870"]
[BlackElo "1584"]
[Annotator "NA"]
[PlyCount "89"]
[EventDate "2018.12.30"]
[EventType "swiss"]
[EventCountry "IND"]
[SourceTitle "playchess.com"]
[Source "ChessBase"]
[SourceQuality "1"]
[TimeControl "40/5400+30:1800+30"]

1. d4 d5 2. c4 e6 3. Nc3 c6 4. e3 f5 5. Nf3 Nf6 6. Ne5 Bd6 7. f4 O-O 8. Bd3 Ne4 9. O-O Nd7 10. Qb3 Ndf6 11. a4 Bxe5 12. dxe5 Nc5 13. Qc2 Nxd3 14. Qxd3 Ne4 15. Nxe4 dxe4 16. Qc2 c5 17. Rd1 Qe7 18. Bd2 Rd8 19. Bc3 Bd7 20. Rd6 Bc6 21. Rad1 Rd7 22. b4 Rxd6 23. exd6 Qe8 24. b5 Bd7 25. Qb2 Qh5 26. Rf1 Qh6 27. a5 Kf7 28. Qa3 Rc8 29. Bb2 g5 30. fxg5 Qxg5 31. Qc3 Rg8 32. Rf2 h5 33. Qe5 b6 34. Qxe4 Rd8 35. h4 Qg4 36. Qe5 Qg6 37. e4 Re8 38. Rf3 Rg8 39. Rg3 Qh6 40. Rxg8 Kxg8 41. exf5 exf5 42. Qe7 Be6 43. d7 Qe3+ 44. Kh1 Qe1+ 45. Kh2 1-0

[Event "IIFL Wealth 4th Mumbai Open"]
[Site "Mumbai"]
[Date "2019.01.06"]
[Round "8"]
[White "Aditya Varun Gampa"]
[Black "Shivasubramanian R"]
[Result "1-0"]
[ECO "C11"]
[WhiteElo "1809"]
[BlackElo "1738"]
[Annotator "NA"]
[PlyCount "175"]
[EventDate "2018.12.30"]
[EventType "swiss"]
[EventCountry "IND"]
[SourceTitle "playchess.com"]
[Source "ChessBase"]
[SourceQuality "1"]
[TimeControl "40/5400+30:1800+30"]

1. e4 e6 2. d4 d5 3. Nc3 Nf6 4. e5 Nfd7 5. Nce2 c5 6. c3 Nc6 7. a3 Be7 {[%emt 0:03:39] C11: French: Classical System: 4 e5 and 4 Bg5 dxe4} 8. Nf3 cxd4 9. cxd4 O-O 10. Nf4 Nb6 11. h4 $146 ({Predecessor:} 11. Bd3 f5 12. h4 Bd7 13. Kf1 Rc8 14. b3 a5 15. Bd2 a4 16. bxa4 {1-0 (40) Grischuk,A (2772)-Potkin,V (2574) Riadh 2017}) 11... f6 12. Bd3 f5 13. g4 Qe8 14. gxf5 exf5 15. Be3 Qf7 16. Ng5 Bxg5 17. hxg5 g6 18. Rh6 Nd8 19. Ke2 Ne6 20. Qh1 Nxf4+ 21. Bxf4 Be6 22. Qh3 Rfc8 23. Rh1 Rc7 24. b3 Rd8 25. Bd2 Nc8 26. f4 Rdd7 27. Bb5 Rd8 28. Bd3 Rdd7 29. a4 a6 30. Bb4 Rc6 31. Bc5 Rcc7 32. a5 Rc6 33. b4 Rcc7 34. Qe3 Rd8 35. Qh3 Rdd7 36. Kd2 Rd8 37. Be2 Rdd7 38. Rh2 Rd8 39. Qf3 Rdd7 40. Qh1 Rd8 41. R2h3 Rdd7 42. Bd1 Rd8 43. Ba4 Qg7 44. Bd1 Qf7 45. Bh5 gxh5 46. R3xh5 Qd7 47. g6 Qa4 48. Qb1 Rdd7 49. Qc2 Qxc2+ 50. Kxc2 Kh8 51. g7+ Rxg7 52. Rxe6 Ne7 53. Kd2 Ng8 54. Rxf5 Rg2+ 55. Ke3 Rcg7 56. Rg5 R7xg5 57. fxg5 Rxg5 58. Re8 $18 h5 59. Rf8 h4 60. Rf4 Rh5 61. Kf2 h3 62. Kg1 h2+ 63. Kh1 Nh6 64. e6 Nf5 65. Rg4 Rh3 66. e7 Re3 67. Kxh2 Nxe7 68. Rg5 Nc6 69. Rxd5 Rb3 70. Rd7 Nxb4 71. Rxb7 Rb2+ 72. Kg3 Nd3 73. Rb6 Kg8 74. Kf3 Ra2 75. Rxa6 Nxc5 76. dxc5 Kf7 77. Ke4 Ke7 78. Kd5 Kd7 79. Ra7+ Kc8 80. Kc6 Kb8 81. Ra6 Ra1 82. Rb6+ Ka7 83. Rb2 Rxa5 84. Kd6 Ra1 85. Kc7 Ka8 86. c6 Ra3 87. Kc8 Ra6 88. c7 1-0

[Event "IIFL Wealth 4th Mumbai Open"]
[Site "Mumbai"]
[Date "2019.01.06"]
[Round "8"]
[White "Tanuj, Dayal"]
[Black "Vedant Nitin vekhande"]
[Result "1-0"]
[ECO "B51"]
[WhiteElo "1803"]
[BlackElo "1564"]
[Annotator "NA"]
[PlyCount "147"]
[EventDate "2018.12.30"]
[EventType "swiss"]
[EventCountry "IND"]
[SourceTitle "playchess.com"]
[Source "ChessBase"]
[SourceQuality "1"]
[TimeControl "40/5400+30:1800+30"]

1. e4 c5 2. Nf3 d6 3. Bb5+ Nc6 4. O-O Bd7 5. c3 Nf6 6. Re1 a6 7. Ba4 e5 8. d3 b5 9. Bb3 Be7 10. Nbd2 O-O 11. Nf1 Be6 12. Ne3 Re8 13. Bd5 Bxd5 14. exd5 Nb8 15. Ng5 Nbd7 16. Qf3 Nf8 17. h4 h6 18. Nh3 Qd7 19. Nf5 Rac8 20. c4 Kh7 21. g4 Ng8 22. g5 Ng6 23. Kh2 Bf8 24. Rg1 bxc4 25. gxh6 gxh6 26. Ng3 Nxh4 27. Qh5 Ng6 28. Ng5+ Kg7 29. Ne6+ fxe6 30. Nf5+ Kh8 31. Qxg6 Qh7 32. dxe6 Qxg6 33. Rxg6 Kh7 34. Rg2 Rxe6 35. dxc4 Ne7 36. Nxe7 Bxe7 37. Be3 Rg6 38. f4 Rxg2+ 39. Kxg2 Rg8+ 40. Kf3 Rf8 41. Ke4 exf4 42. Bxf4 Re8 43. Kd5 Rf8 44. Bg3 Rf3 45. Rg1 h5 46. Ke6 Re3+ 47. Kf7 h4 48. Rh1 Rxg3 49. Kxe7 h3 50. Kxd6 Kg6 51. Kxc5 Kg5 52. Kb6 Kg4 53. Kxa6 Rg2 54. b4 Rxa2+ 55. Kb6 h2 56. c5 Kf5 57. c6 Rc2 58. c7 Rc4 59. b5 Ke6 60. Rxh2 Kd7 61. Rd2+ Ke6 62. Rd8 Ke5 63. c8=Q Rxc8 64. Rxc8 Kd4 65. Kc6 Kc4 66. b6 Kd4 67. b7 Ke4 68. b8=Q Kd4 69. Qd6+ Ke4 70. Re8+ Kf5 71. Re5+ Kf4 72. Qf6+ Kg4 73. Rg5+ Kh4 74. Qh6# 1-0

[Event "IIFL Wealth 4th Mumbai Open"]
[Site "Mumbai"]
[Date "2019.01.06"]
[Round "8"]
[White "Arhan Chethan Anand"]
[Black "Abhinessh S"]
[Result "0-1"]
[ECO "A40"]
[WhiteElo "1710"]
[BlackElo "1790"]
[Annotator "NA"]
[PlyCount "140"]
[EventDate "2018.12.30"]
[EventType "swiss"]
[EventCountry "IND"]
[SourceTitle "playchess.com"]
[Source "ChessBase"]
[SourceQuality "1"]
[TimeControl "40/5400+30:1800+30"]

1. d4 e6 2. c4 c5 3. d5 e5 4. e4 d6 5. g3 f5 6. Nc3 Nf6 7. Bg2 Be7 8. Nge2 fxe4 9. Nxe4 Bf5 10. Nxf6+ Bxf6 11. Nc3 Nd7 12. Ne4 Be7 13. O-O O-O 14. Bd2 Nf6 15. f3 Qd7 16. a4 Nxe4 17. fxe4 Bg4 18. Qb3 b6 19. Rae1 Bh3 20. Qd1 a6 21. Rxf8+ Rxf8 22. Rf1 Rxf1+ 23. Kxf1 Bg4 24. Qb3 Bd8 25. Kg1 Bh5 26. h3 Be8 27. a5 bxa5 28. Kh2 Qc7 29. Bf3 a4 30. Qa3 Qb7 31. Bd1 Bg6 32. Bc2 h6 33. Kg2 Kh7 34. Kh2 Bh5 35. Kg2 Be2 36. Bd3 Bd1 37. Bf1 Qb3 38. Bd3 Qb7 39. Bf1 Qb3 40. Qxb3 axb3 41. Kf2 Bc2 42. Kf3 a5 43. h4 a4 44. Bc1 Ba5 45. Ke3 Be1 46. Bd3 Bxg3 47. Bxc2 Bf4+ 48. Kd3 Bxc1 49. Bd1 Bxb2 50. Kd2 h5 51. Ke3 Bc1+ 52. Kf3 Kg6 53. Kg3 Kf6 54. Kf3 g5 55. Kg3 g4 56. Kf2 Ke7 57. Ke2 Kd7 58. Kd3 Bf4 59. Kc3 Bg3 60. Kb2 Bxh4 61. Ka3 Bg5 62. Kxa4 b2 63. Bc2 g3 64. Bb1 g2 65. Kb3 g1=Q 66. Kxb2 Qc1+ 67. Ka2 Qxc4+ 68. Kb2 Bc1+ 69. Ka1 Qc3+ 70. Ka2 Qb2# {[%emt 0:00:04] Kb3} 0-1

[Event "IIFL Wealth 4th Mumbai Open"]
[Site "Mumbai"]
[Date "2019.01.06"]
[Round "8"]
[White "Joglekar, Abhijit"]
[Black "Bharadia Yash"]
[Result "0-1"]
[ECO "C97"]
[WhiteElo "1692"]
[BlackElo "1584"]
[Annotator "NA"]
[PlyCount "138"]
[EventDate "2018.12.30"]
[EventType "swiss"]
[EventCountry "IND"]
[SourceTitle "playchess.com"]
[Source "ChessBase"]
[SourceQuality "1"]
[TimeControl "40/5400+30:1800+30"]

1. e4 e5 2. Nf3 Nc6 3. Bb5 a6 4. Ba4 Nf6 5. O-O Be7 6. Re1 b5 7. Bb3 d6 8. c3 Na5 9. Bc2 c5 10. d4 Qc7 11. h3 O-O 12. Nbd2 Re8 13. Nf1 cxd4 14. cxd4 exd4 15. Nxd4 d5 16. e5 Bb4 17. Re2 Nd7 18. e6 Nf6 19. exf7+ Qxf7 20. Ne3 Bd7 21. a3 Bd6 22. b3 Ne4 23. Qe1 Nc6 24. Bb2 Nxd4 25. Bxd4 Qf4 26. Nf1 Ng5 27. Rxe8+ Rxe8 28. Qd2 Qxd2 29. Nxd2 Bf4 30. Bc3 Rc8 31. Rc1 Rxc3 32. Bxh7+ Nxh7 33. Rxc3 Bxd2 34. Rd3 Bc1 35. Rxd5 Nf6 36. Rd6 Bxa3 37. Rxa6 b4 38. Rd6 Kf7 39. Kf1 Be6 40. Rd3 Bb2 41. g4 Bc3 42. f4 Bxb3 43. Rd8 Bc4+ 44. Kf2 b3 45. g5 b2 46. Rb8 Ne4+ 47. Ke3 Nd2 48. Rb7+ Kg8 49. Rxb2 Nf1+ 50. Ke4 Bxb2 51. Kf5 Bd3+ 52. Kg4 g6 53. h4 Be2+ 54. Kh3 Bc1 55. Kg2 Bxf4 56. Kf2 Bd3 57. Kf3 Bg3 58. Kg4 Bf5+ 59. Kf3 Bxh4 60. Kg2 Ne3+ 61. Kf3 Bxg5 62. Kf2 Bf4 63. Kf3 g5 64. Kf2 g4 65. Kg1 g3 66. Kh1 Bh3 67. Kg1 Ng4 68. Kh1 g2+ 69. Kg1 Bh2# 0-1

[Event "IIFL Wealth 4th Mumbai Open"]
[Site "Mumbai"]
[Date "2019.01.06"]
[Round "8"]
[White "Dhanashree, Pandit"]
[Black "Raghav, Srivathsav V"]
[Result "0-1"]
[ECO "E73"]
[WhiteElo "1676"]
[BlackElo "2056"]
[Annotator "NA"]
[PlyCount "78"]
[EventDate "2018.12.30"]
[EventType "swiss"]
[EventCountry "IND"]
[SourceTitle "playchess.com"]
[Source "ChessBase"]
[SourceQuality "1"]
[TimeControl "40/5400+30:1800+30"]

1. d4 Nf6 2. c4 g6 3. Nc3 Bg7 4. e4 d6 5. Be2 O-O 6. Bg5 c6 7. Qd2 Nbd7 8. Nf3 Rb8 9. O-O Qc7 10. c5 b6 11. cxd6 exd6 12. e5 dxe5 13. dxe5 Ng4 14. Be7 Ndxe5 15. Qd6 Qb7 16. Bxf8 Bxf8 17. Qd1 h5 18. Nxe5 Nxe5 19. Ne4 Qe7 20. Qd2 Bf5 21. Ng3 Be6 22. Qf4 Bg7 23. Rfe1 Rd8 24. a4 f5 25. h4 Rd4 26. Qc1 Qxh4 27. a5 Bd5 28. Rd1 Rxd1+ 29. Bxd1 f4 30. Ra4 Nd3 31. Qd2 b5 32. Ra3 Nxb2 33. Bc2 Nc4 34. Qe2 Bf7 35. Rd3 fxg3 36. Rxg3 Be5 37. Rh3 Qg5 38. Qe1 Bd5 39. Qf1 Nd2 0-1

[Event "IIFL Wealth 4th Mumbai Open"]
[Site "Mumbai"]
[Date "2019.01.06"]
[Round "8"]
[White "Sunil, Vaidya"]
[Black "Devesh Anand Naik"]
[Result "0-1"]
[ECO "A45"]
[WhiteElo "1663"]
[BlackElo "1830"]
[Annotator "NA"]
[PlyCount "114"]
[EventDate "2018.12.30"]
[EventType "swiss"]
[EventCountry "IND"]
[SourceTitle "playchess.com"]
[Source "ChessBase"]
[SourceQuality "1"]
[TimeControl "40/5400+30:1800+30"]

1. d4 Nf6 2. Bf4 g6 3. e3 Bg7 4. Nd2 O-O 5. Ngf3 d6 6. h3 Nbd7 7. Bd3 Re8 8. e4 e5 9. dxe5 dxe5 10. Bg5 h6 11. Be3 Nh5 12. g3 Qe7 13. Nb3 b6 14. Qd2 Kh7 15. Bb5 Rd8 16. Qd5 Rb8 17. Bc4 Rf8 18. O-O-O Nhf6 19. Qd3 Bb7 20. Nfd2 a5 21. a4 Rfd8 22. f3 Nf8 23. Qc3 Bc6 24. Bb5 Bxb5 25. axb5 a4 26. Na1 Ne6 27. Qa3 Qe8 28. c4 Nd7 29. Nb1 Nd4 30. Bxd4 exd4 31. f4 Qxe4 32. Rhe1 Qf5 33. Qf3 Qf6 34. Qc6 Nc5 35. Qxf6 Bxf6 36. Na3 d3 37. Rd2 Re8 38. Red1 Re2 39. Nb1 Rbe8 40. Nc3 Bxc3 41. bxc3 Rxd2 42. Kxd2 Re2+ 43. Kc1 Rg2 44. g4 Rh2 45. h4 Rxh4 46. Kd2 Rh2+ 47. Ke3 Ra2 48. Rh1 Kg7 49. Kf3 Re2 50. Rd1 Re8 51. Rh1 d2 52. Nc2 Nd3 53. Ne3 Ne1+ 54. Ke2 Rxe3+ 55. Kxd2 Re8 56. Rf1 a3 57. Kc1 Re2 0-1

[Event "IIFL Wealth 4th Mumbai Open"]
[Site "Mumbai"]
[Date "2019.01.06"]
[Round "8"]
[White "Mishra, Sanjeev"]
[Black "Aditya, Ramanathan"]
[Result "1-0"]
[ECO "C50"]
[WhiteElo "1662"]
[BlackElo "1602"]
[Annotator "NA"]
[PlyCount "81"]
[EventDate "2018.12.30"]
[EventType "swiss"]
[EventCountry "IND"]
[SourceTitle "playchess.com"]
[Source "ChessBase"]
[SourceQuality "1"]
[TimeControl "40/5400+30:1800+30"]

1. e4 e5 2. Nf3 Nc6 3. Bc4 Bc5 4. O-O Nf6 5. d4 Bxd4 6. Nxd4 Nxd4 7. Bg5 d6 8. f4 Be6 9. Na3 Bxc4 10. Nxc4 Ne6 11. fxe5 Nxg5 12. exf6 gxf6 13. Qd4 Qe7 14. Rae1 Ne6 15. Qf2 Rg8 16. Ne3 Ng5 17. Qf5 c6 18. Ng4 Rg6 19. Nxf6+ Kf8 20. h4 Ne6 21. h5 Rg7 22. Nxh7+ Kg8 23. Nf6+ Kh8 24. c3 Ng5 25. e5 d5 26. Kh1 Ne4 27. Rxe4 dxe4 28. Qf4 Rh7 29. Nxh7 Kxh7 30. Qxe4+ Kh8 31. Rf6 Qf8 32. Qf4 Qg7 33. Rxf7 Qxf7 34. Qxf7 Rg8 35. e6 c5 36. e7 c4 37. Qxg8+ Kxg8 38. e8=Q+ Kh7 39. Qg6+ Kh8 40. h6 b5 41. Qg7# 1-0

[Event "IIFL Wealth 4th Mumbai Open"]
[Site "Mumbai"]
[Date "2019.01.06"]
[Round "8"]
[White "Mokashi Rohit"]
[Black "Awade Pradeep"]
[Result "0-1"]
[ECO "A48"]
[WhiteElo "1641"]
[BlackElo "1538"]
[Annotator "NA"]
[PlyCount "82"]
[EventDate "2018.12.30"]
[EventType "swiss"]
[EventCountry "IND"]
[SourceTitle "playchess.com"]
[Source "ChessBase"]
[SourceQuality "1"]
[TimeControl "40/5400+30:1800+30"]

1. d4 Nf6 2. Nf3 g6 3. c4 Bg7 4. Nc3 O-O 5. e4 d6 6. h3 e5 7. d5 Nbd7 8. Be3 Nc5 9. Nd2 a5 10. g4 c6 11. Be2 Bd7 12. g5 Ne8 13. h4 Nc7 14. h5 Rb8 15. hxg6 fxg6 16. Nb3 N7a6 17. Nxc5 Nxc5 18. Qc2 Na6 19. Qd2 Rf7 20. O-O-O Bf8 21. Rdg1 Qe8 22. Rh4 b5 23. dxc6 Bxc6 24. Nd5 Bxd5 25. exd5 bxc4 26. Rxc4 Nc7 27. Qxa5 Ra8 28. Qd2 Rxa2 29. Rgg4 Bg7 30. Rge4 Qa8 31. Bg4 Ra1+ 32. Kc2 Qa2 33. Kc3 Rb1 34. Ra4 Nb5+ 35. Kd3 Qb3+ 36. Ke2 Rxb2 37. Be6 Rxd2+ 38. Kxd2 Qb2+ 39. Ke1 Nc3 40. Bg4 Nxe4 41. Ra8+ Rf8 0-1

[Event "IIFL Wealth 4th Mumbai Open"]
[Site "Mumbai"]
[Date "2019.01.06"]
[Round "8"]
[White "Deshpande Jatin N"]
[Black "Thatte Ashish P"]
[Result "1/2-1/2"]
[ECO "A56"]
[WhiteElo "1564"]
[BlackElo "1957"]
[Annotator "NA"]
[PlyCount "108"]
[EventDate "2018.12.30"]
[EventType "swiss"]
[EventCountry "IND"]
[SourceTitle "playchess.com"]
[Source "ChessBase"]
[SourceQuality "1"]
[TimeControl "40/5400+30:1800+30"]

1. d4 Nf6 2. c4 c5 3. Nf3 g6 4. Nc3 Bg7 5. g3 O-O 6. Bg2 cxd4 7. Nxd4 Nc6 8. O-O d6 9. Nxc6 bxc6 10. Bxc6 Rb8 11. Qa4 Bh3 12. Bg2 Bxg2 13. Kxg2 Qd7 14. Rb1 Qb7+ 15. Kg1 Ne4 16. Nxe4 Qxe4 17. Be3 Rxb2 18. Rxb2 Bxb2 19. Qb3 Bf6 20. Rc1 h5 21. Qc2 Qg4 22. Bxa7 h4 23. Rb1 hxg3 24. hxg3 Qd7 25. Be3 Kg7 26. Kg2 Rc8 27. Rc1 Be5 28. Qe4 f5 29. Qd3 Ra8 30. a3 Qb7+ 31. f3 Qb2 32. Rb1 Qxa3 33. f4 Bf6 34. Qxa3 Rxa3 35. Kf2 Rc3 36. Rc1 Kf7 37. Rxc3 Bxc3 38. Kf3 e5 39. fxe5 dxe5 40. g4 Ke6 41. gxf5+ gxf5 42. Bc5 Bd2 43. e3 e4+ 44. Kf4 Ba5 45. Bd4 Bc7+ 46. Kg5 Bd8+ 47. Kg6 Bh4 48. Bc5 Bf2 49. Kg5 Be1 50. Bd4 Ba5 51. Bc5 Bd8+ 52. Kf4 Bf6 53. Bb6 Bg7 54. Kg5 Bf6+ 1/2-1/2

[Event "IIFL Wealth 4th Mumbai Open"]
[Site "Mumbai"]
[Date "2019.01.06"]
[Round "8"]
[White "Bheri Yaswanth"]
[Black "Barde Om"]
[Result "1/2-1/2"]
[ECO "D38"]
[WhiteElo "1550"]
[BlackElo "1801"]
[Annotator "NA"]
[PlyCount "206"]
[EventDate "2018.12.30"]
[EventType "swiss"]
[EventCountry "IND"]
[SourceTitle "playchess.com"]
[Source "ChessBase"]
[SourceQuality "1"]
[TimeControl "40/5400+30:1800+30"]

1. d4 Nf6 2. c4 e6 3. Nf3 d5 4. Nc3 Bb4 5. cxd5 exd5 6. Bg5 c6 7. Bxf6 Qxf6 8. e3 Bd6 9. h3 Bf5 10. Bd3 O-O 11. Qc2 Bxd3 12. Qxd3 Nd7 13. O-O Rae8 14. Rfe1 Qd8 15. e4 dxe4 16. Nxe4 Bb8 17. Rad1 Nb6 18. Neg5 g6 19. Ne4 Nd5 20. Qb3 Qb6 21. Nc5 Qxb3 22. Nxb3 Bd6 23. a3 Nf4 24. g3 Nd5 25. Na5 Rxe1+ 26. Rxe1 Bc7 27. Nc4 f6 28. Ne3 Ne7 29. Rd1 Rd8 30. Re1 Kf7 31. Rd1 Bb6 32. Nc4 Bc7 33. g4 Nd5 34. h4 Nf4 35. g5 Ne6 36. gxf6 Kxf6 37. Ne3 Bb6 38. Nc2 Bc7 39. Ne3 Bb6 40. Nc2 Rd7 41. Rd2 Rd6 42. Kg2 Ba5 43. b4 Bc7 44. Kf1 h6 45. Ne3 Nf4 46. Rc2 Rd7 47. Rd2 Bb6 48. Ke1 Ne6 49. Kd1 Rd8 50. Nc2 g5 51. hxg5+ hxg5 52. Rd3 Kf5 53. Nd2 Nxd4 54. Nxd4+ Rxd4 55. Rxd4 Bxd4 56. Ke2 Be5 57. Nc4 b6 58. Kf3 Bf4 59. a4 b5 60. axb5 cxb5 61. Na3 a6 62. Nc2 Ke5 63. Ke2 Kd5 64. Kd3 Bd6 65. f3 Bf8 66. Kc3 Ke5 67. Kd3 Kf4 68. Ke2 Be7 69. Kf2 Bd8 70. Ke2 Bb6 71. Na3 Bc7 72. Nc2 Bd6 73. Kf2 Ke5 74. Ke3 Kd5 75. Kd3 Bf8 76. Kc3 Be7 77. Kd3 Bd6 78. Kc3 Ke5 79. Kd3 Kf4 80. Ke2 Bf8 81. Kf2 Bd6 82. Ke2 Be7 83. Kf2 Bd8 84. Na3 Be7 85. Nc2 Bf6 86. Ke2 Be7 87. Kf2 Bd8 88. Na3 a5 89. bxa5 b4 90. Nc4 b3 91. a6 Bf6 92. Ke2 Bd4 93. Kd3 Bc5 94. Nd2 b2 95. Kc2 Bd4 96. Ne4 g4 97. fxg4 Kxe4 98. g5 Kd5 99. a7 b1=B+ 100. Kxb1 Bxa7 101. g6 Ke6 102. g7 Kf7 103. g8=Q+ Kxg8 1/2-1/2

[Event "IIFL Wealth 4th Mumbai Open"]
[Site "Mumbai"]
[Date "2019.01.06"]
[Round "8"]
[White "Dhanvij Ansh"]
[Black "Mayank Chakraborty"]
[Result "0-1"]
[ECO "D43"]
[WhiteElo "1523"]
[BlackElo "1677"]
[Annotator "NA"]
[PlyCount "98"]
[EventDate "2018.12.30"]
[EventType "swiss"]
[EventCountry "IND"]
[SourceTitle "playchess.com"]
[Source "ChessBase"]
[SourceQuality "1"]
[TimeControl "40/5400+30:1800+30"]

1. d4 d5 2. c4 c6 3. Nc3 Nf6 4. Nf3 e6 5. g3 dxc4 6. Bg2 b5 7. Ne5 Qb6 8. Bg5 Nd5 9. e4 Nxc3 10. bxc3 Nd7 11. Nf3 Bb7 12. O-O h6 13. Be3 Qa5 14. Qc2 Bd6 15. Nd2 Qc7 16. e5 Be7 17. f4 g6 18. Be4 Rg8 19. a4 Nb6 20. axb5 cxb5 21. Rfb1 a6 22. Bxb7 Qxb7 23. Ra2 Qc6 24. Ne4 Nd5 25. Bc1 Kd7 26. Qe2 a5 27. Rba1 Qb6 28. Rb1 Rgb8 29. Ba3 Nxc3 30. Nxc3 Qxd4+ 31. Qf2 Qxf2+ 32. Kxf2 b4 33. Bxb4 axb4 34. Rxa8 Rxa8 35. Ne4 Ra2+ 36. Ke3 Rxh2 37. Rc1 c3 38. Nxc3 bxc3 39. Rxc3 h5 40. Rd3+ Ke8 41. Ke4 Bc5 42. Rc3 Bb6 43. Rb3 Bd8 44. Rb7 Rh3 45. Rb3 h4 46. Rf3 Rxg3 47. Rf1 h3 48. Rh1 f5+ 49. exf6 Bxf6 0-1

[Event "IIFL Wealth 4th Mumbai Open"]
[Site "Mumbai"]
[Date "2019.01.06"]
[Round "8"]
[White "Bhaskar, N S"]
[Black "Tamhankar, Siddhant"]
[Result "1-0"]
[ECO "A96"]
[WhiteElo "1463"]
[BlackElo "1704"]
[Annotator "NA"]
[PlyCount "119"]
[EventDate "2018.12.30"]
[EventType "swiss"]
[EventCountry "IND"]
[SourceTitle "playchess.com"]
[Source "ChessBase"]
[SourceQuality "1"]
[TimeControl "40/5400+30:1800+30"]

1. Nf3 f5 2. d4 e6 3. g3 Nf6 4. Bg2 Be7 5. O-O O-O 6. c4 d6 7. Nc3 a5 8. Bg5 Ne4 9. Bxe7 Qxe7 10. Nxe4 fxe4 11. Nd2 d5 12. e3 c6 13. Qc2 Bd7 14. f3 exf3 15. Nxf3 Be8 16. Ne5 Rxf1+ 17. Rxf1 Nd7 18. Nd3 Bg6 19. Qc3 Qg5 20. Nf4 Bf5 21. cxd5 exd5 22. Qb3 Rb8 23. Bxd5+ cxd5 24. Qxd5+ Kh8 25. e4 Re8 26. Qxf5 Qe7 27. e5 Nb6 28. Ne6 Nc4 29. Ng5 g6 30. Qf6+ Qxf6 31. exf6 Nd6 32. f7 Rf8 33. Rf6 h6 34. Rxd6 hxg5 35. Rd7 b5 36. Rd5 Rxf7 37. Rxb5 Rd7 38. d5 a4 39. Ra5 Kg7 40. Kf2 Rb7 41. d6 Kf6 42. Rd5 Rxb2+ 43. Ke3 Rb8 44. d7 Rd8 45. Kd4 Ke7 46. Kc5 Rxd7 47. Rxd7+ Kxd7 48. Kb4 Ke6 49. Kxa4 Kf5 50. Kb5 Kg4 51. a4 Kh3 52. a5 g4 53. a6 Kxh2 54. a7 Kxg3 55. a8=Q Kh2 56. Qa2+ Kh3 57. Qf2 g3 58. Qg1 g5 59. Kc4 g2 60. Kd3 1-0

[Event "IIFL Wealth 4th Mumbai Open"]
[Site "Mumbai"]
[Date "2019.01.06"]
[Round "8"]
[White "Apoorv, Kamble"]
[Black "Joel Paul G"]
[Result "1-0"]
[ECO "B01"]
[WhiteElo "1458"]
[BlackElo "1603"]
[Annotator "NA"]
[PlyCount "117"]
[EventDate "2018.12.30"]
[EventType "swiss"]
[EventCountry "IND"]
[SourceTitle "playchess.com"]
[Source "ChessBase"]
[SourceQuality "1"]
[TimeControl "40/5400+30:1800+30"]

1. e4 d5 2. exd5 Nf6 3. d4 Bg4 4. Be2 Bxe2 5. Nxe2 Qxd5 6. O-O Nc6 7. b3 O-O-O 8. c4 Qh5 9. Bb2 e6 10. Nd2 Bb4 11. Nf3 g5 12. d5 Qg6 13. Qc1 exd5 14. Qxg5 Be7 15. Nf4 Qxg5 16. Nxg5 Rhf8 17. Rae1 d4 18. Nf3 Bb4 19. Rd1 Bc5 20. Nd3 b6 21. Nde5 Nxe5 22. Nxe5 Rd6 23. Nd3 a5 24. a3 Rdd8 25. b4 axb4 26. axb4 Bd6 27. c5 bxc5 28. bxc5 Be7 29. Ra1 Kb7 30. Rfb1 Kc6 31. Re1 Rfe8 32. Rec1 Ne4 33. Ra4 Nc3 34. Bxc3 dxc3 35. Rxc3 Bf6 36. Ra6+ Kb5 37. Rxf6 Rxd3 38. Rc1 Red8 39. h3 R8d7 40. c6 Re7 41. Kh2 Kb6 42. Rf4 Rb3 43. Rc2 Rb5 44. g4 Rc5 45. Rxc5 Kxc5 46. Rf6 Kd5 47. f4 Re6 48. Rxf7 Rxc6 49. Rxh7 Ke4 50. Kg3 Rc3+ 51. Kh4 Kxf4 52. Rf7+ Ke5 53. g5 c5 54. g6 Ke6 55. Rf8 Rc4+ 56. Kh5 Rc3 57. g7 Rxh3+ 58. Kg4 Rh1 59. g8=Q+ {[%emt 0:00:06] Kd5} 1-0